 Dungeon Crawl Stone Soup version 0.23.2-33-g5129a83184 (webtiles) character file.

Game seed: 10425898679195280338

37 Exodus22XD the Magician (level 3, -1/19 HPs)
             Began as a Deep Elf Wizard on July 3, 2019.
             Slain by a goblin
             ... wielding a +0 club
             ... led by Robin
              (4 damage)
             ... on level 2 of the Dungeon.
             The game lasted 00:04:26 (1027 turns).

Exodus22XD the Magician (Deep Elf Wizard)           Turns: 1027, Time: 00:04:26

Health: -1/19      AC:  3    Str:  4    XL:     3   Next: 23%
Magic:  1/10       EV: 13    Int: 23    God:
Gold:   49         SH:  0    Dex: 13    Spells: 7/10 levels left

rFire    + . .     SeeInvis .   (no weapon)
rCold    x . .     Gourm    .   (no shield)
rNeg     . . .     Faith    .   a - +0 robe
rPois    .         Spirit   .   b - +0 hat
rElec    .         Reflect  .   (no cloak)
rCorr    .         Harm     .   c - +0 pair of gloves
MR       .....     Rnd*Tele +   (no boots)
Stlth    ++........             (no amulet)
HPRegen  0.06/turn              h - ring of fire
MPRegen  0.12/turn              j - ring of teleportation (curse)

@: no status effects
A: no striking features
a: no special abilities


You were on level 2 of the Dungeon.
You were not hungry.

You visited 1 branch of the dungeon, and saw 2 of its levels.

You collected 49 gold pieces.

Inventory:

Armour
 a - a +0 robe (worn)
 b - a +0 hat (worn)
 c - a +0 pair of gloves (worn)
Jewellery
 h - a ring of fire (left hand)
 i - an uncursed ring of ice
 j - a cursed ring of teleportation (right hand)
Scrolls
 f - a scroll of identify {unknown}
 k - a scroll of remove curse {unknown}
Potions
 e - a potion of haste {unknown}
 g - a potion of curing {unknown}
 l - a potion of invisibility {unknown}
Comestibles
 d - 2 rations


   Skills:
 - Level 2.4 Dodging
 - Level 2.4 Stealth
 - Level 4.4 Spellcasting
 - Level 3.4 Conjurations
 * Level 1.4 Summonings
   Level 1.1 Translocations


You had 7 spell levels left.
You knew the following spells:

 Your Spells              Type           Power        Failure   Level  Hunger
a - Magic Dart            Conj           ###.         2%          1    None
b - Call Imp              Summ           ##......     9%          2    None

Your spell library contained the following spells:

 Spells                   Type           Power        Failure   Level  Hunger
 Blink                    Tloc           N/A          10%         2    None
 Slow                     Hex            #.......     16%         2    None
 Conjure Flame            Conj/Fire      ###.....     16%         3    ##.....
 Mephitic Cloud           Conj/Pois/Air  ##......     19%         3    ##.....


Dungeon Overview and Level Annotations

Branches:
Dungeon (2/15)

Altars:

Annotations:
D:2 Robin


Message History

A hobgoblin comes into view. It is wielding a +0 club.
Robin roars a battlecry!
The goblin goes into a battle-frenzy!
A goblin comes into view.
The goblin hits you with a +0 club.
Casting: Magic Dart (safe; 2% risk of failure)
Confirm with . or Enter, or press ? or * to list all spells.
A beastly little devil appears in a puff of flame.
The goblin hits you with a +0 club.
The hobgoblin hits your crimson imp but does no damage.
The goblin hits you with a +0 club.
* * * LOW HITPOINT WARNING * * *
The hobgoblin barely misses your crimson imp.
Your crimson imp hits the hobgoblin but does no damage.
You swap places.
The hobgoblin barely misses you.
A goblin comes into view.
The goblin hits you.
* * * LOW HITPOINT WARNING * * *
The goblin hits you with a +0 club.
You die...

#.. .... #.# ...#
#.# ....# #.#
....# #.#......
#####.#.†...#
######..5gg.....#
#.......g@).....#
#########g##.g###
#g# .# #)# # #.#
#[† ###


You could see Robin, 2 hobgoblins, 3 goblins and a friendly crimson imp.

Vanquished Creatures
  A ball python (D:1)
  2 bats (D:1)
  7 goblins
  4 hobgoblins
  8 jackals (D:1)
  4 frilled lizards
  2 kobolds (D:1)
  5 rats (D:1)
33 creatures vanquished.

Notes
Turn   | Place    | Note
-------+----------+-------------------------------------------
     0 | D:1      | Exodus22XD the Deep Elf Wizard began the quest for the Orb.
     0 | D:1      | Reached XP level 1. HP: 10/10 MP: 7/7
   198 | D:1      | Reached XP level 2. HP: 13/15 MP: 6/9
   202 | D:1      | Learned a level 2 spell: Call Imp
   603 | D:1      | Reached XP level 3. HP: 9/19 MP: 1/10
  1020 | D:2      | Noticed Robin
  1027 | D:2      | Slain by a goblin

Skill      XL: |  1  2 |
---------------+-------+-----
Conjurations   | 2 3 |  3.4
Dodging        | |  2.4
Stealth        | |  2.4
Spellcasting   | |  4.4
Summonings     | |  1.4
Translocations | |  1.1

Action                   || total
-------------------------++-------
 Cast: Magic Dart        ||    72
       Call Imp          ||     1
Armor: Robe              ||    12
Dodge: Dodged            ||    30
